 Zot Defence DCSS version 0.15.2 (webtiles) character file.

18148 Kakkamies the Severer (level 12, -8/115 HPs)
             Began as a Minotaur Fighter on June 22, 2017.
             Was an Elder of Okawaru.
             Killed by drain life
             ... invoked by a deathcap
             ... summoned by a curse toe
             ... summoned by a boggart
              (20 damage)
             ... in the Realm of Zot (Scenario V: Glassed Sandwich).
             The game lasted 00:37:13 (1841 turns).

Kakkamies the Severer (Minotaur Fighter)            Turns: 1841, Time: 00:37:13

HP  -8/115       AC 11     Str 21      XL: 12   Next: 25%
MP  15/15        EV  8     Int 10      God: Okawaru [****..]
Gold 0           SH 11     Dex 15      Spells:  0 memorised, 11 levels left

rFire  . . .     SeeInvis .     a - +0 war axe
rCold  . . .     Clarity  .     b - +0 scale mail
rNeg   . . .     rCorr    .     c - +0 shield
rPois  .         rRot     .     l - +3 hat of Pondering {ponderous, MR+ MP+10 Int+5}
rElec  .         Spirit   .     (no cloak)
SustAb .         Warding  .     (no gloves)
rMut   .         Stasis   .     (no boots)
Gourm  .                        (no amulet)
MR     +....                    (no ring)
                                (no ring)

@: slow, somewhat resistant to hostile enchantments, extremely unstealthy
A: retaliatory headbutt, horns 2
a: Make oklob sapling, Make arrow trap, Make plant, Remove Curse, Make burning
bush, Make altar, Make grenades, Make oklob plant, Make net trap, Make ice
statue, Make spear trap, Make alarm trap, Make mushroom circle, Heroism,
Renounce Religion


You were in the Realm of Zot.
You worshipped Okawaru.
Okawaru was greatly pleased with you.
You were not hungry.

You visited 1 branch

Inventory:

Hand weapons
 a - a +0 war axe (weapon)
 n - a cursed +0 hunting sling
 p - a +0 battleaxe
Missiles
 m - 14 stones (quivered)
 o - 15 sling bullets
Armour
 b - a +0 scale mail (worn)
 c - a +0 shield (worn)
 l - the +3 hat of Pondering (worn) {ponderous, MR+ MP+10 Int+5}
   (You took it off Gastronok in the Realm of Zot)

   It affects your intelligence (+5).
   It affects your resistance to hostile enchantments.
   It affects your magic capacity (+10).
Comestibles
 f - a bread ration
Scrolls
 k - a scroll of blinking
Potions
 d - 3 potions of curing
 e - a potion of might
 h - a potion of haste
 i - 2 potions of magic
 j - a potion of berserk rage


   Skills:
 + Level 13.1 Fighting
 + Level 16.0 Axes
 - Level 1.0 Throwing
 + Level 7.9 Armour
 + Level 5.6 Dodging
 + Level 7.8 Shields


You had 11 spell levels left.
You didn't know any spells.

Dungeon Overview and Level Annotations

Branches:
    Zot (1/1)

Altars:
Okawaru


Innate Abilities, Weirdness & Mutations

You reflexively headbutt those who attack you in melee.
You have a pair of horns on your head.


Message History

The pale draconian zealot mumbles some strange prayers to its god against something.
You hear a strangely unpleasant explosion!
The deathcap draws from the surrounding life force!
* * * LOW HITPOINT WARNING * * *
Your burning bush throws fire at the deathcap.
The puff of flame hits Sonja.
Sonja hits your burning bush but does no damage.
Space bends around your burning bush.
Sonja hits your burning bush but does no damage. x2
Your ice statue glitters chillingly in the dim dungeon light.
Sonja gestures wildly while chanting.
Sonja blinks!
Sonja completely misses something.
Sonja hits something but does no damage.
Space bends around something.
Sonja hits something with a short sword of distortion.
Space bends around something.
The puff of flame hits Sonja.
Sonja dies!
Your Axes skill increases to level 16!
The deathcap draws from the surrounding life force!
You die...

▓▓▓▓▓▓▓▓▓▓▓▓▓▓▓▓▓▓▓▓▓▓▓▓▓▓▓▓▓▓▓▓▓
..........%)JJJ%.z4qXD...........
..........§fXXX34................
..........d%...%.................
..........f).f...................
........P)f......)P..Y...........
..........f.f.8.....8............
▓▓▓▓▓▓▓▓.....(....▓▓▓▓▓▓▓▓▓▓▓▓▓▓▓
......%....ff...@..(.............
.................................
.................................
.................................
.................................
▓▓▓▓▓▓▓▓▓▓▓▓▓▓▓▓▓▓▓▓▓▓▓▓▓▓▓▓▓▓▓▓▓


You could see 4 tentacled monstrosities, a curse toe, a pale draconian, a pale
draconian zealot, 2 death cobs, 3 slime creatures, an ice devil, an orange
demon, 3 deathcaps, 5 wandering mushrooms, a sixfirhy, a friendly ice statue, a
friendly burning bush and a friendly ice beast.

Vanquished Creatures
  Gastronok (Zot)
  A centaur warrior (Zot)
  A mana viper (Zot)
  2 ugly things (Zot)
  A vampire (Zot)
  2 wind drakes (Zot)
  16 slime creatures (Zot)
  A porcupine (Zot)
  2 phantoms (Zot)
  A black bear (Zot)
  An ogre (Zot)
  2 centaurs (Zot)
  3 big kobolds (Zot)
  2 goliath beetles (Zot)
  3 wights (Zot)
  4 worker ants (Zot)
  2 crimson imps (Zot)
  3 iguanas (Zot)
  A hound (Zot)
  3 sheep (Zot)
  Ijyb (Zot)
  3 adders (Zot)
  2 gnolls (Zot)
  A worm (Zot)
  A giant mite (Zot)
  2 giant geckos (Zot)
  6 oozes (Zot)
  4 orcs (Zot)
  3 bats (Zot)
  3 giant cockroaches (Zot)
  8 goblins (Zot)
  2 hobgoblins (Zot)
  A jackal (Zot)
  4 quokkas (Zot)
  5 ball pythons (Zot)
  2 giant newts (Zot)
  9 kobolds (Zot)
  8 rats (Zot)
117 creatures vanquished.

Vanquished Creatures (collateral kills)
  A centaur warrior (Zot)
  Sonja (Zot)
  A black bear (Zot)
  A yellow wasp (Zot)
  An ogre (Zot)
  2 phantoms (Zot)
  A scorpion (Zot)
  2 hounds (Zot)
  A worker ant (Zot)
  2 sheep (Zot)
  2 gnolls (Zot)
  A green rat (Zot)
  4 adders (Zot)
  4 worms (Zot)
  An orc (Zot)
  A ball python (Zot)
  A giant cockroach (Zot)
  8 hobgoblins (Zot)
  4 jackals (Zot)
  A quokka (Zot)
  6 bats (Zot)
  A giant gecko (Zot)
  10 goblins (Zot)
  5 kobolds (Zot)
  8 rats (Zot)
70 creatures vanquished.

Vanquished Creatures (others)
  2 hobgoblins (Zot)
  2 jackals (Zot)
  2 kobolds (Zot)
  2 ball pythons (Zot)
  A goblin (Zot)
  2 rats (Zot)
11 creatures vanquished.

Grand Total: 198 creatures vanquished

Notes
Turn   | Place    | Note
--------------------------------------------------------------
     0 | Zot      | Kakkamies, the Minotaur Fighter, began the quest for the Orb.
     0 | Zot      | Reached XP level 1. HP: 19/19 MP: 1/1
   244 | Zot      | Reached skill level 4 in Fighting
   244 | Zot      | Reached XP level 2. HP: 22/27 MP: 1/1
   256 | Zot      | Noticed Doox
   278 | Zot      | Reached XP level 3. HP: 21/34 MP: 2/2
   364 | Zot      | Reached skill level 1 in Dodging
   364 | Zot      | Reached XP level 4. HP: 24/41 MP: 2/2
   463 | Zot      | Reached skill level 5 in Fighting
   487 | Zot      | Reached XP level 5. HP: 46/48 MP: 2/2
   500 | Zot      | Killed Doox the black bear
   500 | Zot      | Reached XP level 6. HP: 56/56 MP: 3/3
   560 | Zot      | Reached skill level 5 in Armour
   560 | Zot      | Reached skill level 5 in Shields
   642 | Zot      | Reached skill level 5 in Axes
   642 | Zot      | Reached XP level 7. HP: 60/62 MP: 3/3
   686 | Zot      | Became a worshipper of Warmaster Okawaru
   731 | Zot      | Reached skill level 1 in Throwing
   765 | Zot      | Noticed Ijyb
   775 | Zot      | Killed Ijyb
   826 | Zot      | Reached skill level 6 in Fighting
   962 | Zot      | Reached XP level 8. HP: 64/71 MP: 3/3
  1190 | Zot      | Reached skill level 7 in Fighting
  1251 | Zot      | Killed Bluh the centaur warrior
  1251 | Zot      | Reached skill level 8 in Fighting
  1251 | Zot      | Reached skill level 5 in Dodging
  1251 | Zot      | Reached XP level 9. HP: 72/82 MP: 4/4
  1322 | Zot      | Noticed Shees
  1352 | Zot      | Killed Shees the centaur warrior
  1352 | Zot      | Acquired Okawaru's first power
  1352 | Zot      | Reached skill level 9 in Fighting
  1352 | Zot      | Reached skill level 10 in Axes
  1352 | Zot      | Reached XP level 10. HP: 83/92 MP: 4/4
  1380 | Zot      | Reached skill level 10 in Fighting
  1406 | Zot      | Reached skill level 11 in Axes
  1432 | Zot      | Noticed Gastronok
  1462 | Zot      | Killed Gastronok
  1462 | Zot      | Reached skill level 12 in Axes
  1480 | Zot      | Reached XP level 11. HP: 56/102 MP: 4/4
  1496 | Zot      | Reached skill level 13 in Axes
  1637 | Zot      | Reached skill level 14 in Axes
  1706 | Zot      | Reached skill level 15 in Axes
  1731 | Zot      | Reached XP level 12. HP: 98/113 MP: 5/5
  1802 | Zot      | Noticed a death cob
  1803 | Zot      | Noticed a curse toe
  1809 | Zot      | Noticed a tentacled monstrosity
  1813 | Zot      | Noticed a tentacled monstrosity
  1820 | Zot      | Noticed Sonja
  1829 | Zot      | Noticed a pale draconian zealot
  1832 | Zot      | Noticed a tentacled monstrosity
  1833 | Zot      | HP: 4/115 [deathcap/drain life[a boggart] (18)]
  1834 | Zot      | Noticed a death cob
  1835 | Zot      | Noticed a fire dragon
  1838 | Zot      | Noticed a tentacled monstrosity
  1840 | Zot      | Noticed a pale draconian
  1840 | Zot      | Killed Sonja
  1840 | Zot      | Reached skill level 16 in Axes
  1841 | Zot      | Killed from afar by a deathcap

Action                   |  1- 3 |  4- 6 |  7- 9 | 10-12 || total
-------------------------+-------+-------+-------+-------++-------
Melee: War axe           |    47 |    25 |   107 |   273 ||   452
Throw: Stone             |       |    18 |    11 |     2 ||    31
 Abil: Make oklob saplin |     1 |     1 |     2 |       ||     4
       Make arrow trap   |     1 |       |     1 |       ||     2
       Make burning bush |       |       |     3 |     2 ||     5
       Make altar        |       |       |     1 |       ||     1
       Make net trap     |       |       |     7 |       ||     7
       Make oklob plant  |       |       |     1 |       ||     1
       Make ice statue   |       |       |       |     2 ||     2
  Use: Potion            |       |       |       |     1 ||     1
 Stab: Distracted        |       |     3 |       |       ||     3
